cohdb
Replays
Latest Replays
All Replays
Popular Replays
Top Player Replays
Match Explorer
How It Works
Community
CoH3 Stats
Reddit
Sign in to upload your games and track your stats! →
Sign in with Steam
Match 47312845
Unlisted
Match 47312845
Overview
Messages
Build Orders
End
Panzergrenadier Squad
Selects Panzerjäger Kommand Battlegroup
Selects Mine Fields
Panzergrenadier Squad
250 Light Carrier
Construct Light Support Kompanie
MG34 Team
2.5-tonne Medical Truck
Panzergrenadier Squad
Fire Support Elements
Selects Defensive Positions
Panzerjäger Mechanized Group
Panzerjäger Squad
Selects Butterfly Bomb Drop
Selects Tank Busters
Panzerjäger Squad
Butterfly Bomb Drop
Bossolo
Giovanni
카츄사
CPU - Recruit
0
0
Comments
sign in to comment!
No comments posted yet!